 Dungeon Crawl Stone Soup version 0.21-a0-578-gc6e9d75 (webtiles) character file.

259790 polly the Bludgeoner (level 19, -33/174 HPs)
             Began as a Demonspawn Berserker on Dec 18, 2017.
             Was the Champion of Trog.
             Killed from afar by an ancient lich (48 damage)
             ... with a bolt of lightning
             ... while paralysed by an ancient lich
             ... on level 3 of the Abyss.
             The game lasted 01:28:24 (42865 turns).

polly the Bludgeoner (Demonspawn Berserker)        Turns: 42865, Time: 01:28:26

Health: -33/174    AC: 43    Str: 19      XL:     19   Next: 15%
Magic:  0/20       EV:  2    Int:  9 (11) God:    Trog [******]
Gold:   2288       SH:  0    Dex: 14      Spells: 18/18 levels left

rFire    + + .     SeeInvis .   e - +1 whip (elec)
rCold    + . .     Gourm    .   F - +0 shield {reflect}
rNeg     . . .     Faith    .   x - +9 plate armour of Boecuro {rPois rF+ Dex-5 Stlth+}
rPois    +         Spirit   +   (helmet unavailable)
rElec    .         Reflect  +   b - scarf {rC+ rF+}
rCorr    .         Harm     .   f - +2 pair of gloves
MR       +....                  j - +0 pair of boots
Stlth    ..........             y - amulet of guardian spirit
HPRegen  0.39/turn              s - +4 ring of protection
MPRegen  0.17/turn              i - +4 ring of protection

@: paralysed, liquid flames, about to teleport, glowing, drained
A: horns 3, slimy green scales 3, clever 1, mutation resistance 1, nightstalker
1, robust 1, spiny 2
}: 2/15 runes: barnacled, gossamer
a: Berserk, Trog's Hand, Brothers in Arms, Burn Spellbooks, Renounce Religion


You were on level 3 of the Abyss.
You worshipped Trog.
Trog was exalted by your worship.
You were near starving.

You visited 6 branches of the dungeon, and saw 33 of its levels.
You visited the Abyss 1 time.
You also visited: Labyrinth and Ice Cave.

You collected 3058 gold pieces.
You spent 770 gold pieces at shops.

Inventory:

Hand Weapons
 e - a +1 whip of electrocution (weapon)
 I - a +4 eveningstar of draining
Missiles
 P - 11 throwing nets (quivered)
Armour
 b - a scarf of resistance (worn)
 f - a +2 pair of gloves (worn)
 j - a +0 pair of boots (worn)
 x - the +9 plate armour of Boecuro (worn) {rPois rF+ Dex-5 Stlth+}
   (You found it on level 5 of the Dungeon)

   It affects your dexterity (-5).
   It protects you from fire.
   It protects you from poison.
   It makes you more stealthy.
 F - a +0 shield of reflection (worn)
Jewellery
 i - a +4 ring of protection (right hand)
 n - an uncursed ring of flight
 s - a +4 ring of protection (left hand)
 u - an uncursed ring of see invisible
 y - an amulet of guardian spirit (around neck)
 V - an uncursed ring of positive energy
 W - an uncursed ring of protection from cold
Wands
 a - a wand of iceblast (11)
 h - a wand of digging (34)
 p - a wand of clouds (10)
 E - a wand of disintegration (19)
Scrolls
 d - 3 scrolls of fog
 g - a scroll of torment {unknown}
 k - 9 scrolls of immolation
 m - 17 scrolls of remove curse
 q - 5 scrolls of teleportation
 t - 9 scrolls of enchant armour
 A - 7 scrolls of enchant weapon
 B - 4 scrolls of magic mapping
 H - 2 scrolls of blinking
 K - a scroll of fear
 L - a scroll of silence
 N - 4 scrolls of vulnerability
 R - 2 scrolls of brand weapon
 U - 7 scrolls of identify
Potions
 l - 2 potions of cancellation
 o - 3 potions of mutation
 r - 5 potions of agility
 v - 10 potions of flight
 C - 7 potions of curing
 J - a potion of resistance
 Q - 4 potions of ambrosia
 X - 3 potions of heal wounds
Miscellaneous
 D - a phantom mirror
 T - a fan of gales
Comestibles
 c - 29 rations


   Skills:
 + Level 16.9(16.6) Fighting
 + Level 17.6(17.2) Maces & Flails
 + Level 0.3(0.1) Throwing
 + Level 16.3(15.9) Armour
 + Level 6.7(6.5) Dodging
 + Level 3.8(3.6) Stealth
 + Level 12.3(12.0) Shields
 + Level 2.0(1.8) Evocations


You had 18 spell levels left.
You didn't know any spells.

Dungeon Overview and Level Annotations

Branches:
Dungeon (15/15)            Temple (0/1) D:5            Lair (6/6) D:9
 Shoals (4/4) Lair:4       Spider (4/4) Lair:2        Slime (0/5) Lair:6
    Orc (2/2) D:10            Elf (0/3) Orc:2        Vaults (0/5) D:14
 Depths (2/5) D:15

Altars:
Ashenzari
Dithmenos
Elyvilon
Fedhas
Hepliaklqana
Kikubaaqudgha
Makhleb
Nemelex Xobeh
Okawaru
Qazlal
Ru
Sif Muna
Trog
Uskayaw
Wu Jian
Xom
Beogh

Shops:
D:7 !   D:9 (   D:10 (=}:   D:11 (   Orc:1 ?   Orc:2 %[%:   Depths:1 [

Portals:
Hell: Depths:1 Depths:2
Pandemonium: Orc:2
Ziggurat: Depths:2


Innate Abilities, Weirdness & Mutations

You have a pair of large horns on your head.
You are completely covered in slimy green scales. (AC +4, rPois)
You are slightly more attuned to the shadows.
You are mostly covered in sharp spines.
Your mind is acute. (Int +2)
You are somewhat resistant to further mutation.
You are robust. (+10% HP)


Message History

The smoke demon gestures at you. The sticky flame hits you!
You are covered in liquid flames!
The ancient lich touches you but does no damage.
You are covered in liquid flames!
The ancient lich casts a spell at you. The bolt of lightning hits you! x2
* * * LOW HITPOINT WARNING * * *
The bolt of lightning hits the ancient lich.
The ancient lich resists.
The smoke demon completely misses you.
The smoke demon hits you but does no damage. x2
The ancient lich is struck by your spines.
The ancient lich touches you but does no damage.
You are covered in liquid flames!
* * * LOW HITPOINT WARNING * * *
The ancient lich gestures at you while chanting.
The bolt of lightning hits you!
* * * LOW HITPOINT WARNING * * *
The bolt of lightning hits you!
You die...

. . . . .. . ..
. ....#. # .
........ ..
##..#. .. ... #
#.# ##._#.... .
...###...#..##
.# .
....#...≈≈≈.≈≈.
#
.........≈≈≈≈.
...#.3L..≈.≈ .#
. .###@.≈.≈.≈≈
≈ # # #
##≈...≈≈ ≈ #
..≈.∩.≈≈≈ ..#
##≈≈.≈≈≈ ≈ #
.≈≈≈≈≈ ≈≈.#
..≈.≈≈ ≈ ...≈≈≈
. . ≈


You could see an ancient lich and a smoke demon.

Vanquished Creatures
  The ghost of Maimakterion the Warrior, an adept HOGl of Ashenzari (Spider:3)
  An Ice Fiend (IceCv)
  Asterion (Spider:4)
  Rupert (Orc:1)
  A kraken (Shoals:1)
  Kirke (Shoals:3)
  Donald (Shoals:1)
  4 ghost moths
  6 emperor scorpions
  A fire giant (Depths:1)
  Louise (Lair:4)
  Aizul (Lair:4)
  6 very ugly things
  2 entropy weavers
  The ghost of kylix the Brawler, a journeyman VSMo of Cheibriados (Spider:4)
  4 stone giants
  The ghost of Agnizab the Basher, a journeyman HuFi of Yredelemnul (Shoals:2)
  A dire elephant (Lair:6)
  2 spark wasps (Spider:4)
  The ghost of TheJollyRoger the Spear-Bearer, a journeyman MiFi of Okawaru (IceCv)
  2 merfolk javelineers (Shoals:4)
  The ghost of schizoid the Blocker, a journeyman BaMo of Okawaru (Lair:1)
  A minotaur (Lab)
  6 merfolk impalers
  Josephine (D:11)
  A fire dragon (Depths:1)
  A great orb of eyes (Depths:1)
  The ghost of unseenchild the Cleaver, a journeyman DDNe of Makhleb (IceCv)
  5 rakshasas
  A spriggan air mage (Depths:2)
  3 merfolk avatars
  3 alligator snapping turtles
  5 centaur warriors
  3 merfolk aquamancers
  5 hydras
  12 two-headed ogres
  2 catoblepae
  18 death yaks
  5 tengu warriors
  A deep troll shaman (Lair:6)
  A satyr (Shoals:3)
  2 ogre magi
  Urug (Lair:2)
  8 orc high priests (Orc:2)
  Nergalle (Lair:4)
  A vampire mage (Depths:1)
  A spriggan berserker (Depths:2)
  5 skeletal warriors (D:14)
  A fire crab (shapeshifter) (D:14)
  A glowing orange brain (Depths:2)
  9 sea snakes
  2 torturous demonspawn (Orc:2)
  2 flayed ghosts
  2 unseen horrors
  3 wizards
  5 orc knights
  The ghost of Kerberun the Shield-Bearer, a novice MiFi (D:6)
  A deep elf archer (D:14)
  12 orb spiders
  5 orc sorcerers
  26 wolf spiders
  3 deep elf magi
  11 harpies
  8 fauns
  19 ugly things
  2 cyclopes
  13 manticores
  2 moths of wrath (Spider:3)
  10 elephants
  8 merfolk sirens
  The ghost of CanOfBees the Chopper, a novice HOBe of Trog (D:4)
  A torpor snail (Spider:1)
  An eye of devastation (shapeshifter) (Depths:1)
  A smoke demon (Orc:2)
  7 water nymphs
  Psyche (D:8)
  4 ice statues (IceCv)
  An orange demon (Orc:2)
  3 black mambas
  5 spiny frogs
  5 spectral swamp worms (Depths:2)
  2 gargoyles
  6 yaktaurs
  2 kobold demonologists
  A rime drake (Lair:6)
  4 komodo dragons
  A freezing wraith (D:13)
  13 demonic crawlers
  A tengu conjurer (Depths:1)
  12 ice devils
  A red devil (Orc:2)
  3 anaconda simulacra (IceCv)
  41 merfolk
  A jumping spider (shapeshifter) (Depths:1)
  5 wind drakes
  5 trolls
  A meliai (shapeshifter) (D:13)
  13 dream sheep (Lair:6)
  23 jumping spiders
  11 hornets
  2 polar bears
  11 slime creatures
  16 blink frogs
  19 hippogriffs
  A meliai zombie (D:12)
  10 snapping turtles
  A hippogriff (shapeshifter) (D:15)
  A vampire (D:12)
  6 water elementals
  3 air elementals (Depths:2)
  52 redbacks
  4 shadows
  5 wyverns
  7 wraiths
  23 tarantellas
  Sigmund (D:3)
  A tarantella (shapeshifter) (D:15)
  65 yaks
  A ynoxinul (Orc:2)
  4 hungry ghosts
  A wyvern (shapeshifter) (D:15)
  3 hogs (Shoals:3)
  4 fire bats (Depths:1)
  A steam dragon (shapeshifter) (D:15)
  A neqoxec (Orc:2)
  A warg (Orc:2)
  3 iron troll simulacra (IceCv)
  4 soldier ants
  11 water moccasins
  An acid dragon (D:15)
  3 hydra simulacra (IceCv)
  9 porcupines
  Duvessa (D:6)
  A swamp drake (D:10)
  6 sky beasts
  3 ice beasts
  36 orc warriors
  4 eyes of draining
  A hornet zombie (D:14)
  A phantom (D:12)
  3 black bears
  An ettin simulacrum (IceCv)
  23 ogres
  3 boggarts (D:15)
  10 wolves
  4 centaurs
  19 crocodiles
  Blork the orc (D:14)
  A big kobold (D:14)
  19 bullfrogs
  2 wyvern skeletons (D:14)
  4 scorpions
  Dowan (D:6)
  12 killer bees
  A howler monkey (D:6)
  3 electric eels
  2 bullfrog zombies
  10 crimson imps
  4 hounds
  2 jellies
  4 centaur zombies
  24 orc wizards
  10 centaur skeletons
  35 orc priests
  4 iguanas
  Jessica (D:3)
  2 bullfrog skeletons (D:10)
  Ijyb (D:3)
  9 worker ants
  A howler monkey zombie (D:11)
  2 worker ant zombies
  A gnoll (D:1)
  11 adders
  A howler monkey skeleton (D:6)
  3 shadow imps
  An ooze (D:2)
  An adder skeleton (D:6)
  4 worms
  A dart slug (D:2)
  9 leopard geckos
  112 orcs
  5 bats
  A giant cockroach (D:1)
  8 hobgoblins
  8 jackals
  7 kobolds
  3 quokkas (D:2)
  2 ball pythons
  2 frilled lizards
  17 goblins
  5 rats
  A plant (Shoals:4)
  3 tentacles (Shoals:1)
1209 creatures vanquished.

Vanquished Creatures (collateral kills)
  Ilsuiw (Shoals:4)
  2 merfolk impalers (Shoals:4)
  2 merfolk aquamancers (Shoals:4)
  3 merfolk sirens (Shoals:4)
8 creatures vanquished.

Vanquished Creatures (others)
  2 merfolk javelineers
  A merfolk impaler (Shoals:3)
  A centaur warrior (Depths:2)
  A satyr (Shoals:3)
  An orb spider (Spider:1)
  A cyclops (D:14)
  A wolf spider (Spider:4)
  A faun (Shoals:3)
  2 yaktaurs (Depths:1)
  A meliai zombie (D:14)
  An eye of draining (D:14)
  2 centaurs (Depths:1)
  An orc wizard (Orc:2)
  An orc (D:11)
  4 fungi
  2 plants
  9 tentacles (Shoals:1)
32 creatures vanquished.

Grand Total: 1249 creatures vanquished

Notes
Turn   | Place    | Note
-------+----------+-------------------------------------------
     0 | D:1      | polly the Demonspawn Berserker began the quest for the Orb.
     0 | D:1      | Reached XP level 1. HP: 18/18 MP: 1/1
   155 | D:1      | Reached skill level 3 in Maces & Flails
   155 | D:1      | Gained mutation: You have a pair of small horns on your head. [demonic ancestry]
   155 | D:1      | Reached XP level 2. HP: 17/24 MP: 2/2
   990 | D:2      | Reached XP level 3. HP: 29/29 MP: 3/3
  1166 | D:2      | Reached XP level 4. HP: 26/37 MP: 4/4
  1385 | D:2      | Reached ** piety under Trog
  1674 | D:3      | Noticed Sigmund
  1679 | D:3      | Killed Sigmund
  1679 | D:3      | Reached skill level 4 in Maces & Flails
  1679 | D:3      | Reached XP level 5. HP: 43/43 MP: 5/5
  1730 | D:3      | Noticed Jessica
  1737 | D:3      | Killed Jessica
  1737 | D:3      | Gained mutation: You are partially covered in sharp spines. [demonic ancestry]
  1737 | D:3      | Reached XP level 6. HP: 45/49 MP: 6/6
  1904 | D:3      | Noticed Ijyb
  1914 | D:3      | Killed Ijyb
  2343 | D:4      | Reached *** piety under Trog
  2465 | D:4      | Noticed CanOfBees's ghost (novice HOBe)
  2483 | D:4      | Killed CanOfBees's ghost
  2483 | D:4      | Reached skill level 5 in Fighting
  2483 | D:4      | Reached skill level 5 in Maces & Flails
  2483 | D:4      | Reached skill level 1 in Stealth
  2483 | D:4      | Gained mutation: You are partially covered in slimy green scales. (AC +2) [demonic ancestry]
  2483 | D:4      | Reached XP level 7. HP: 30/56 MP: 7/7
  3114 | D:5      | Entered Level 5 of the Dungeon
  3301 | D:5      | Reached skill level 6 in Maces & Flails
  3313 | D:5      | Got a transparent plate armour
  3328 | D:5      | Identified the +9 plate armour of Boecuro {rPois rF+ Dex-5 Stlth+} (You found it on level 5 of the Dungeon)
  3362 | D:5      | Found a staircase to the Ecumenical Temple.
  3367 | D:5      | Found a sparkling altar of Nemelex Xobeh.
  3367 | D:5      | Found a shattered altar of Ashenzari.
  3367 | D:5      | Found an iron altar of Okawaru.
  3367 | D:5      | Found a sacrificial altar of Ru.
  3368 | D:5      | Found a shadowy altar of Dithmenos.
  3368 | D:5      | Found a burning altar of Makhleb.
  3369 | D:5      | Found a hide-covered altar of Uskayaw.
  3369 | D:5      | Found a blossoming altar of Fedhas.
  3369 | D:5      | Found a stormy altar of Qazlal.
  3369 | D:5      | Found an ancient bone altar of Kikubaaqudgha.
  3369 | D:5      | Found a shadowy altar of Dithmenos.
  3369 | D:5      | Found a shimmering altar of Xom.
  3589 | D:6      | Gained mutation: You have a pair of horns on your head. [demonic ancestry]
  3589 | D:6      | Reached XP level 8. HP: 59/62 MP: 8/8
  3650 | D:6      | Noticed Kerberun's ghost (novice MiFi)
  3679 | D:6      | Killed Kerberun's ghost
  3679 | D:6      | Reached skill level 7 in Maces & Flails
  3808 | D:6      | Noticed Dowan
  3811 | D:6      | Noticed Duvessa
  3820 | D:6      | Killed Dowan
  3830 | D:6      | Killed Duvessa
  3867 | D:6      | Found a burning altar of Makhleb.
  3878 | D:6      | Reached **** piety under Trog
  3878 | D:6      | Reached XP level 9. HP: 60/69 MP: 9/9
  4255 | D:7      | Reached skill level 8 in Maces & Flails
  4582 | D:7      | Found Lafualie's Distillery.
  4661 | D:7      | Found a hazy altar of Hepliaklqana.
  4865 | D:8      | Noticed Psyche
  4879 | D:8      | Killed Psyche
  4879 | D:8      | Reached skill level 5 in Armour
  5237 | D:8      | Noticed a two-headed ogre
  5237 | D:8      | Noticed a two-headed ogre
  5267 | D:8      | Killed a two-headed ogre
  5267 | D:8      | Reached skill level 9 in Maces & Flails
  5267 | D:8      | Gained mutation: You are mostly covered in slimy green scales. (AC +3) [demonic ancestry]
  5267 | D:8      | Reached XP level 10. HP: 79/79 MP: 10/10
  5276 | D:8      | Killed a two-headed ogre
  5744 | D:8      | Found an ornate altar of the Wu Jian Council.
  5747 | D:8      | Found a white marble altar of Elyvilon.
  5750 | D:8      | Found a shimmering altar of Xom.
  5907 | D:9      | Found Contofup's Antique Weapon Shoppe.
  5920 | D:9      | Reached ***** piety under Trog
  6143 | D:9      | Received a gift from Trog
  6147 | D:9      | Reached skill level 10 in Maces & Flails
  6239 | D:9      | Found a staircase to the Lair.
  6406 | D:10     | Entered Level 10 of the Dungeon
  6406 | D:10     | Noticed a two-headed ogre
  6413 | D:10     | Killed a two-headed ogre
  6424 | D:10     | Found Souczour's Jewellery Shop.
  6452 | D:10     | Found Pel Miaps's Gadget Boutique.
  6464 | D:10     | Noticed a two-headed ogre
  6473 | D:10     | Killed a two-headed ogre
  6582 | D:10     | Gained mutation: You are completely covered in slimy green scales. (AC +4, rPois) [demonic ancestry]
  6582 | D:10     | Reached XP level 11. HP: 87/87 MP: 11/11
  6612 | D:10     | Found Bett's Book Boutique.
  6685 | D:10     | Noticed a two-headed ogre
  6690 | D:10     | Killed a two-headed ogre
  6793 | D:10     | Found a staircase to the Orcish Mines.
  6796 | D:10     | Reached skill level 11 in Maces & Flails
  7187 | D:10     | Found Maisa's Weapon Shoppe.
  7423 | D:11     | Found a labyrinth entrance.
  7433 | Lab      | Entered a labyrinth
  8055 | Lab      | Noticed a minotaur
  8070 | Lab      | Killed a minotaur
  8073 | Lab      | Got a bloodstained ring mail
  8103 | Lab      | Found the +2 cloak of the Thief {+Fog Slay-2 SInv Stlth+}
  8300 | D:11     | Noticed Josephine
  8308 | D:11     | Killed Josephine
  8325 | D:11     | Reached skill level 5 in Dodging
  8549 | D:11     | Reached skill level 10 in Fighting
  8641 | Lair:1   | Entered Level 1 of the Lair of Beasts
  8694 | Lair:1   | Identified the +3 ring mail of a treasure trove {rN++ Dex+7} (You took it off a minotaur in a labyrinth)
  8930 | Lair:1   | Noticed a four-headed hydra
  8937 | Lair:1   | Killed a four-headed hydra
  8937 | Lair:1   | Reached skill level 12 in Maces & Flails
  8963 | Lair:1   | Noticed schizoid's ghost (journeyman BaMo)
  8987 | Lair:1   | Killed schizoid's ghost
  8987 | Lair:1   | Gained mutation: You have a pair of large horns on your head. [demonic ancestry]
  8987 | Lair:1   | Reached XP level 12. HP: 83/98 MP: 9/12
  9468 | Lair:2   | Found a hole to the Spider Nest.
  9607 | Lair:2   | Noticed Urug
  9619 | Lair:2   | Killed Urug
  9758 | Lair:2   | Noticed a six-headed hydra
  9763 | Lair:2   | Killed a six-headed hydra
 10262 | Lair:3   | Received a gift from Trog
 10413 | Lair:3   | Reached skill level 13 in Maces & Flails
 11122 | Lair:4   | Noticed Nergalle
 11132 | Lair:4   | Killed Nergalle
 11248 | Lair:4   | Found an iron altar of Okawaru.
 11276 | Lair:4   | Found a staircase to the Shoals.
 12065 | Lair:5   | Gained mutation: You are slightly more attuned to the shadows. [demonic ancestry]
 12065 | Lair:5   | Reached XP level 13. HP: 105/106 MP: 13/13
 12231 | Lair:5   | Received a gift from Trog
 12303 | Lair:5   | Reached skill level 14 in Maces & Flails
 12837 | Lair:6   | Entered Level 6 of the Lair of Beasts
 12878 | Lair:5   | Reached skill level 10 in Armour
 13292 | Lair:5   | Gained mutation: Your system is resistant to poisons. (rPois) [potion of mutation]
 13292 | Lair:5   | Gained mutation: You are agile. (Dex +2) [potion of mutation]
 13293 | Lair:5   | Lost mutation: Your system is resistant to poisons. (rPois) [potion of mutation]
 13293 | Lair:5   | Lost mutation: You are agile. (Dex +2) [potion of mutation]
 13293 | Lair:5   | Gained mutation: You are robust. (+10% HP) [potion of mutation]
 13293 | Lair:5   | Gained mutation: You are somewhat resistant to further mutation. [potion of mutation]
 13293 | Lair:5   | Gained mutation: Your mind is acute. (Int +2) [potion of mutation]
 13306 | Lair:5   | HP: 6/177 [komodo dragon (6)]
 13692 | Lair:6   | Received a gift from Trog
 13985 | Lair:6   | Reached skill level 15 in Maces & Flails
 14008 | Lair:6   | Reached XP level 14. HP: 35/127 MP: 6/14
 15349 | Lair:6   | Found a staircase to the Slime Pits.
 15704 | Orc:1    | Entered Level 1 of the Orcish Mines
 15712 | Orc:1    | Paralysed by an orc sorcerer for 6 turns
 15814 | Orc:2    | Entered Level 2 of the Orcish Mines
 15814 | Orc:2    | Noticed Rupert
 15834 | Orc:1    | Killed Rupert
 15835 | Orc:1    | Reached ****** piety under Trog
 16240 | Orc:1    | Found a bloodstained altar of Trog.
 16392 | Orc:1    | Received a gift from Trog
 16416 | Orc:1    | Got an iridescent great mace {god gift}
 16417 | Orc:1    | Identified the +11 great mace "Otiehuij" {venom, Stlth+} (Trog gifted it to you on level 1 of the Orcish Mines)
 16464 | Orc:1    | Found Ageluda Vahi's Magic Scroll Boutique.
 16648 | Orc:2    | Found a staircase to the Elven Halls.
 16790 | Orc:2    | Found Givir's Food Emporium.
 17103 | Orc:2    | Found Heulau's Food Shoppe.
 17566 | Orc:2    | Reached skill level 16 in Maces & Flails
 17974 | Orc:2    | Paralysed by an orc sorcerer for 6 turns
 17985 | Orc:2    | Received a gift from Trog
 18266 | Orc:2    | Reached XP level 15. HP: 137/137 MP: 12/15
 18269 | Orc:2    | Found Vugew's Antique Armour Shop.
 18269 | Orc:2    | Found Reonk's Book Boutique.
 18269 | Orc:2    | Found a one-way gate leading to the halls of Pandemonium.
 18327 | Orc:2    | Bought a pair of runed gloves for 187 gold pieces
 18327 | Orc:2    | Bought a glowing buckler for 187 gold pieces
 18469 | Orc:2    | Found a roughly hewn altar of Beogh.
 19271 | D:10     | Bought a +4 ring of protection for 396 gold pieces
 19384 | Spider:1 | Entered Level 1 of the Spider Nest
 19511 | Spider:1 | Noticed a ghost moth
 19519 | Spider:1 | Killed a ghost moth
 20058 | Spider:1 | Reached skill level 1 in Shields
 20335 | Spider:1 | Received a gift from Trog
 20592 | Spider:2 | Found a frozen archway.
 20602 | IceCv    | Entered an ice cave
 20603 | IceCv    | Noticed unseenchild's ghost (journeyman DDNe)
 20626 | IceCv    | Killed unseenchild's ghost
 20658 | IceCv    | Reached skill level 1 in Evocations
 20901 | IceCv    | Noticed TheJollyRoger's ghost (journeyman MiFi)
 20928 | IceCv    | Killed TheJollyRoger's ghost
 21849 | IceCv    | Noticed an Ice Fiend
 21863 | IceCv    | Killed an Ice Fiend
 22787 | Spider:3 | Noticed Maimakterion's ghost (adept HOGl)
 23104 | Spider:2 | Received a gift from Trog
 23311 | Spider:3 | Reached XP level 16. HP: 133/147 MP: 14/16
 23475 | Spider:3 | Killed Maimakterion's ghost
 24024 | Spider:4 | Entered Level 4 of the Spider Nest
 24032 | Spider:4 | Noticed kylix's ghost (journeyman VSMo)
 24108 | Spider:4 | Reached skill level 5 in Shields
 24120 | Spider:4 | Killed kylix's ghost
 24962 | Spider:4 | Noticed Asterion
 24972 | Spider:4 | Killed Asterion
 26048 | Spider:4 | Received a gift from Trog
 26428 | Spider:3 | Reached skill level 15 in Fighting
 26770 | Spider:4 | Got a gossamer rune of Zot
 27112 | Shoals:1 | Entered Level 1 of the Shoals
 27134 | Shoals:1 | Noticed Louise
 27135 | Shoals:1 | Noticed Aizul
 27170 | Lair:4   | Killed Aizul
 27334 | Lair:4   | Killed Louise
 27981 | Shoals:1 | Noticed Donald
 28001 | Shoals:1 | Killed Donald
 28143 | Shoals:1 | Noticed a kraken
 28169 | Shoals:1 | Killed a kraken
 28405 | Shoals:1 | Reached XP level 17. HP: 75/156 MP: 10/17
 28965 | Shoals:2 | Received a gift from Trog
 29089 | Shoals:2 | Got a scorched arbalest {god gift}
 29095 | Shoals:2 | Identified the +9 arbalest "Giantbane" {freeze, +Fly rF+} (Trog gifted it to you on level 2 of the Shoals)
 29584 | Shoals:2 | Noticed Agnizab's ghost (journeyman HuFi)
 29612 | Shoals:2 | Killed Agnizab's ghost
 29741 | Shoals:2 | Reached skill level 15 in Armour
 30263 | Shoals:3 | Reached skill level 17 in Maces & Flails
 31329 | Shoals:3 | Received a gift from Trog
 31338 | Shoals:3 | Got an encrusted hunting sling {god gift}
 32158 | Shoals:3 | Noticed Kirke
 32184 | Shoals:3 | Killed Kirke
 32299 | Shoals:4 | Entered Level 4 of the Shoals
 32712 | Shoals:4 | Noticed Ilsuiw
 32757 | Shoals:4 | Killed Ilsuiw
 33555 | Shoals:4 | Got a barnacled rune of Zot
 34830 | Shoals:4 | Received a gift from Trog
 35781 | D:11     | Reached XP level 18. HP: 159/166 MP: 19/19
 35982 | D:11     | Found Nasinoi's Weapon Shop.
 36957 | D:13     | Found a shattered altar of Ashenzari.
 37150 | D:13     | Reached skill level 10 in Shields
 37664 | D:14     | Noticed Blork the orc
 37676 | D:14     | Killed Blork the orc
 37691 | D:14     | Found a deep blue altar of Sif Muna.
 37993 | D:14     | Received a gift from Trog
 38005 | D:14     | Got an encrusted flail {god gift}
 38009 | D:14     | Identified the +4 flail "Masch" {crush, *Noise rPois Int+6} (Trog gifted it to you on level 14 of the Dungeon)
 38437 | D:14     | Found a deep blue altar of Sif Muna.
 38566 | D:14     | Found a gate to the Vaults.
 39296 | D:15     | Entered Level 15 of the Dungeon
 39580 | D:15     | Received a gift from Trog
 40216 | D:15     | Found a staircase to the Depths.
 40542 | Depths:1 | Entered Level 1 of the Depths
 41552 | Depths:1 | Found Ochum's Armour Shop.
 42025 | Depths:1 | Gained mutation: You are mostly covered in sharp spines. [demonic ancestry]
 42025 | Depths:1 | Reached XP level 19. HP: 174/174 MP: 14/20
 42130 | Depths:1 | Found a gateway to Hell.
 42350 | Depths:1 | Received a gift from Trog
 42559 | Depths:2 | Found a gateway to a ziggurat.
 42793 | Depths:2 | Cast into level 3 of the Abyss (a deep elf sorcerer)
 42803 | Abyss:3  | Found a corrupted altar of Lugonu.
 42848 | Abyss:3  | Noticed an ancient lich
 42851 | Abyss:3  | Paralysed by an ancient lich for 6 turns
 42862 | Abyss:3  | Paralysed by an ancient lich for 3 turns
 42865 | Abyss:3  | Killed from afar by an ancient lich

Vault maps used:
D:1:      matt_arrival_los_fun
D:2:      minmay_diamond_boxcup
D:3:      minmay_misc_feat_cross, uniq_jessica, uniq_ijyb, uniq_sigmund
D:5:      temple_doors_ab, first_ration
D:6:      minivault_4, bloody_makhleb, uniq_duvessa
D:7:      nicolae_overflow_hidden_temple, serial_shops, shop
D:8:      grunt_temple_overflow_diamond, uniq_psyche
D:9:      lair_entry_dummy, serial_shops, nicolae_shop_window_shopping
D:10:     erik_orc_1, serial_shops, nicolae_shop_crystal, shop, shop, shop
D:11:     lab_entry_generic, serial_shops, shop, uniq_josephine
D:13:     basic_altar, grunt_tengu_nest, st_stairs_1
D:14:     minmay_imperfect_grid, hangedman_vaults_entry_quadrant_bands,
          basic_altar, small_statue_intersection, tgw_sif
D:15:     gammafunk_enter_depths_forms, hangedman_decor_peaks_small,
          grunt_ministairs_10, minmay_misc_feat_secret_circle, nrook_mini_vaults
Lair:2:   spider_nest_entry_webs, small_statue_intersection, uniq_urug
Lair:4:   shoals_dummy_entry, basic_altar, infiniplex_staircase_pool_2,
          lemuel_fruit_tree, uniq_nergalle
Lair:5:   nicolae_quartered_pool_super, small_statue_intersection
Lair:6:   grunt_lair_end_beastmaster, dpeg_slime_entry_corner,
          grunt_megastairs_2, infiniplex_staircase_pool, serial_bayou_shore_b
Shoals:1: uniq_aizul, uniq_louise, uniq_donald
Shoals:3: uniq_kirke
Shoals:4: shoals_end_simple, shoals_ilsuiw_alternative
Spider:2: portal_ice_cave_entry_pillars_three
Spider:3: hangedman_spider_mandibles
Spider:4: guppyfry_spider_rune, uniq_asterion
Orc:1:    serial_shops, shop_fountains, trog_hazing_becter
Orc:2:    pf_orc_diabolical, minmay_orc_temple_a, uniq_rupert
Depths:1: hell_entry, minmay_misc_feat_tower, st_stairs_5,
          kennysheep_small_square, infiniplex_staircase_pool_lava
Depths:2: lemuel_traditional_vault, enter_ziggurat_a, pf_hell_entry_tar_river,
          old_standard_altar
Abyss:3:  serial_sigils_hangedman_shear, hangedman_abyss_batty_box,
          dshaligram_kb_abyss_rune_zappy_water_cross
Lab:      labyrinth_mini_lab, lab_block, nicolae_lab_plus, nicolae_lab_swirl,
          labyrinth_skeletal_remains, lab_hedge, nicolae_lab_x
IceCv:    ice_cave_tombish

Skill      XL: |  1  2  3  4  5  6  7  8  9 10 11 12 13 14 15 16 17 18 |
---------------+-------------------------------------------------------+-----
Maces & Flails | 3 4 5 6 7 9 10 12 13 15 16 17 | 17.6
Armour         | 2 3 4 5 7 8 9 10 11 13 14 15 16 | 16.3
Dodging        | 2 3 4 5 6 |  6.7
Fighting       | 4 5 6 7 8 10 11 12 13 14 15 16 | 16.9
Stealth        | 1 2 3 |  3.8
Shields        | 4 7 9 12 | 12.3
Evocations     | 1 2 |  2.0
Throwing       | |  0.3

Action                   |  1- 3 |  4- 6 |  7- 9 | 10-12 | 13-15 | 16-18 | 19-21 || total
-------------------------+-------+-------+-------+-------+-------+-------+-------++-------
Melee: Mace              |    15 |       |       |       |       |       |       ||    15
       Whip              |    55 |   106 |   278 |    78 |  1085 |  2926 |   185 ||  4713
       Headbutt          |    10 |    17 |    55 |   105 |   347 |   654 |    49 ||  1237
       Eveningstar       |       |       |       |   438 |   379 |       |       ||   817
       Great mace        |       |       |       |       |     5 |       |       ||     5
Throw: Javelin           |       |       |       |       |     3 |       |       ||     3
       Throwing net      |       |       |       |       |       |     1 |       ||     1
Invok: Berserk           |       |     3 |     2 |     5 |    20 |    23 |       ||    53
       Burn Spellbooks   |       |       |       |     3 |     1 |     4 |       ||     8
       Trog's Hand       |       |       |       |       |     1 |     1 |       ||     2
       Brothers in Arms  |       |       |       |       |       |     1 |       ||     1
 Abil: Evoke Flight      |       |       |       |       |       |     8 |       ||     8
Evoke: Wand              |       |       |       |       |     2 |       |       ||     2
       Fan of gales      |       |       |       |       |     1 |     1 |       ||     2
  Use: Scroll            |       |       |     3 |       |    19 |    14 |     1 ||    37
       Potion            |       |       |       |       |    15 |     4 |       ||    19
 Stab: Sleeping          |       |       |     1 |       |       |       |       ||     1
       Petrifying        |       |       |       |       |     1 |       |       ||     1
  Eat: Chunk             |       |     7 |    10 |    17 |    24 |    61 |     2 ||   121
       Ration            |       |       |       |     5 |     9 |     7 |       ||    21
Armor: Leather armour    |    13 |    12 |     8 |       |       |       |       ||    33
       Plate armour      |       |       |   116 |   343 |  1132 |  1545 |    69 ||  3205
Dodge: Dodged            |    45 |    56 |    99 |   175 |   451 |   664 |    34 ||  1524
       Deflected         |       |       |     1 |     2 |       |       |       ||     3
Block: Buckler           |       |       |       |       |   158 |   153 |       ||   311
       Large shield      |       |       |       |       |       |    38 |       ||    38
       Shield            |       |       |       |       |       |   799 |    74 ||   873
       Reflection        |       |       |       |       |       |    69 |     4 ||    73

Table legend:
 A = Spawn XP
 B = Non-spawn XP
 C = Spawn XP percentage of total XP
 D = Spawn monster count
 E = Non-spawn monster count
 F = Spawn count percentage of total count
 G = Total turns spent on level
                    A         B        C        D         E        F      G
               +---------+---------+-------+---------+---------+-------+---------
         Total |    2245 |  389731 |   0.6 |       6 |    1222 |   0.5 | 42865
               +---------+---------+-------+---------+---------+-------+---------
           D:1 |       0 |      35 |   0.0 |       0 |      13 |   0.0 |   974
           D:2 |       0 |     123 |   0.0 |       0 |      30 |   0.0 |   693
           D:3 |       0 |     323 |   0.0 |       0 |      16 |   0.0 |   429
           D:4 |       0 |     595 |   0.0 |       0 |      12 |   0.0 |  1018
           D:5 |       0 |     331 |   0.0 |       0 |      15 |   0.0 |   470
           D:6 |       0 |    1425 |   0.0 |       0 |      20 |   0.0 |   501
           D:7 |       0 |     984 |   0.0 |       0 |      18 |   0.0 |   750
           D:8 |       0 |    2935 |   0.0 |       0 |      23 |   0.0 |  1026
           D:9 |       0 |    2029 |   0.0 |       0 |      20 |   0.0 |   715
          D:10 |       0 |    5046 |   0.0 |       0 |      53 |   0.0 |  1526
          D:11 |       0 |    5153 |   0.0 |       0 |      44 |   0.0 |  1117
          D:12 |       0 |    6250 |   0.0 |       0 |      33 |   0.0 |   791
          D:13 |       0 |    5178 |   0.0 |       0 |      31 |   0.0 |   788
          D:14 |       0 |   27264 |   0.0 |       0 |      82 |   0.0 |  1751
          D:15 |       0 |   17037 |   0.0 |       0 |      47 |   0.0 |  1488
        Lair:1 |       0 |    4234 |   0.0 |       0 |      15 |   0.0 |   913
        Lair:2 |       0 |    3869 |   0.0 |       0 |      14 |   0.0 |  1161
        Lair:3 |       0 |    3842 |   0.0 |       0 |      20 |   0.0 |   592
        Lair:4 |       0 |    6483 |   0.0 |       0 |      16 |   0.0 |  1278
        Lair:5 |       0 |   17734 |   0.0 |       0 |      59 |   0.0 |  2196
        Lair:6 |       0 |   28615 |   0.0 |       0 |      72 |   0.0 |  1616
      Shoals:1 |       0 |   11657 |   0.0 |       0 |      17 |   0.0 |  1487
      Shoals:2 |       0 |   12325 |   0.0 |       0 |      27 |   0.0 |  1570
      Shoals:3 |       0 |   25384 |   0.0 |       0 |      47 |   0.0 |  2566
      Shoals:4 |       0 |   33612 |   0.0 |       0 |      63 |   0.0 |  2153
      Spider:1 |       0 |   14540 |   0.0 |       0 |      43 |   0.0 |   883
      Spider:2 |       0 |   12442 |   0.0 |       0 |      27 |   0.0 |  1245
      Spider:3 |       0 |   23447 |   0.0 |       0 |      46 |   0.0 |  1889
      Spider:4 |       0 |   31753 |   0.0 |       0 |      60 |   0.0 |  1906
         Orc:1 |       0 |    5493 |   0.0 |       0 |      30 |   0.0 |   838
         Orc:2 |       0 |   21193 |   0.0 |       0 |     102 |   0.0 |  2494
      Depths:1 |       0 |   33179 |   0.0 |       0 |      50 |   0.0 |  1432
      Depths:2 |       0 |    9755 |   0.0 |       0 |      21 |   0.0 |   278
       Abyss:3 |    2245 |       0 | 100.0 |       6 |       0 | 100.0 |    72
           Lab |       0 |    2582 |   0.0 |       0 |       8 |   0.0 |   857
         IceCv |       0 |   12884 |   0.0 |       0 |      28 |   0.0 |  1402
               +---------+---------+-------+---------+---------+-------+---------
